 Dungeon Crawl Stone Soup version 0.25-a0-420-g1cc7eeb0d1 (webtiles) character file.

Game seed: 2446104434904239316, levelgen mode: deterministic

12811 Flubbersnuff the Cleaver (level 11, 0/101 HPs)
             Began as a Minotaur Berserker on Jan 19, 2020.
             Was a High Priest of Trog.
             Slain by a water moccasin (6 damage)
             ... on level 1 of the Lair of Beasts.
             The game lasted 00:56:21 (12414 turns).

Flubbersnuff the Cleaver (Minotaur Berserker)      Turns: 12414, Time: 00:56:21

Health: 0/101      AC: 14    Str: 26    XL:     11   Next: 67%
Magic:  3/3        EV: 12    Int:  4    God:    Trog [*****.]
Gold:   446        SH:  0    Dex:  9    Spells: 10/10 levels left

rFire    . . .     SeeInvis +   E - +2 executioner's axe (antimagic)
rCold    . . .     Gourm    .   (shield currently unavailable)
rNeg     . . .     Faith    .   d - +0 chain mail
rPois    +         Spirit   .   (helmet restricted)
rElec    .         Reflect  .   w - +0 cloak
rCorr    .         Harm     .   (no gloves)
MR       .....                  F - +0 pair of boots
Stlth    ..........             (no amulet)
HPRegen  0.26/turn              C - ring of see invisible
MPRegen  0.08/turn              y - ring of poison resistance

@: no status effects
A: retaliatory headbutt, horns 2
a: Berserk, Trog's Hand, Brothers in Arms, Renounce Religion


You were on level 1 of the Lair of Beasts.
You worshipped Trog.
Trog was extremely pleased with you.
You were not hungry.

You visited 3 branches of the dungeon, and saw 12 of its levels.
You also visited: Sewer.

You collected 543 gold pieces.
You spent 97 gold pieces at shops.

Inventory:

Hand Weapons
 E - a +2 antimagic executioner's axe (weapon)
Armour
 d - a +0 chain mail (worn)
 w - a +0 cloak (worn)
 F - a +0 pair of boots (worn)
Jewellery
 n - an uncursed ring of positive energy
 y - a ring of poison resistance (right hand)
 C - a ring of see invisible (left hand)
Wands
 e - a wand of iceblast (7)
 f - a wand of clouds (10)
 k - a wand of paralysis (9)
 m - a wand of disintegration (20)
 x - a wand of acid (10)
 D - a wand of flame (10)
Scrolls
 b - 2 scrolls of immolation
 h - 8 scrolls of remove curse
 i - 7 scrolls of teleportation
 l - 2 scrolls of magic mapping
 s - 2 scrolls of fog
 u - a scroll of blinking
 v - 5 scrolls of enchant armour
 A - a scroll of fear {unknown}
 B - 3 scrolls of identify
Potions
 a - a potion of agility {unknown}
 g - a potion of heal wounds
 j - 5 potions of lignification
 o - 2 potions of ambrosia {unknown}
 p - 2 potions of brilliance {unknown}
 q - 6 potions of flight
 r - 2 potions of might
 t - 2 potions of haste {unknown}
 z - 4 potions of curing {unknown}
Comestibles
 c - 20 rations


   Skills:
 + Level 10.7 Fighting
 * Level 14.1 Axes
 + Level 10.3 Armour
 + Level 9.5 Dodging


You had 10 spell levels left.
You didn't know any spells.
Your spell library was empty.

Dungeon Overview and Level Annotations

Branches:
Dungeon (10/15)            Temple (1/1) D:4            Lair (1/6) D:8
  Sewer (visited)
    Orc: D:9-12

Altars:
Ashenzari
Cheibriados
Dithmenos
Elyvilon
Fedhas
Gozag
Hepliaklqana
Kikubaaqudgha
Makhleb
Nemelex Xobeh
Okawaru
Qazlal
Ru
Sif Muna
Trog
Uskayaw
Vehumet
Wu Jian
Xom
Yredelemnul
Zin
The Shining One

Shops:
D:6 !   D:7 (   D:10 =}=?


Innate Abilities, Weirdness & Mutations

You reflexively headbutt those who attack you in melee.
You have a pair of horns on your head.


Message History

You headbutt the water moccasin, but do no damage.
You closely miss the water moccasin.
Your headbutt misses the water moccasin.
The water moccasin is heavily wounded.
The water moccasin bites you.
* * * LOW HITPOINT WARNING * * *
Unknown command.
You hit the water moccasin.
You headbutt the water moccasin, but do no damage.
The water moccasin is almost dead.
The water moccasin completely misses you.
The water moccasin bites you but does no damage.
You miss the water moccasin.
The water moccasin is almost dead.
The water moccasin closely misses you.
The water moccasin bites you but does no damage.
Your chain mail prevents you from hitting the water moccasin.
The water moccasin is almost dead.
The water moccasin bites you.
You die...

........#
.P..
........#
....
......#
.....
.....#
.....
#...#......
#...#......
#..........
#..S#......
#..@# .....
#...# ..#.
#.... ...
#..... ..
####.## #
##


You could see a water moccasin.

Vanquished Creatures
  Erolcha (D:10)
  A hydra (D:9)
  An unseen horror (D:10)
  A cyclops (D:10)
  An ugly thing (D:10)
  The ghost of MoonlitKnight the Charmwright, a novice GnSk (D:5)
  A komodo dragon (Lair:1)
  A spiny frog (Lair:1)
  2 centaur skeletons (D:10)
  Grinder (D:4)
  2 polar bears (Lair:1)
  3 hippogriffs (D:10)
  A spriggan (D:9)
  A vampire (D:10)
  2 wraiths (D:10)
  A wyvern (D:10)
  6 yaks
  2 water moccasins (D:8)
  A porcupine (D:8)
  4 black bears (D:8)
  3 orc warriors
  2 ice beasts
  5 ogres
  A phantom (D:7)
  2 eyes of draining
  3 sky beasts
  6 centaurs
  2 big kobolds (D:9)
  3 crocodiles
  8 bullfrogs
  A wyvern zombie (D:10)
  5 scorpions
  3 wights (D:10)
  5 killer bees
  2 howler monkeys (D:4)
  8 crimson imps
  A centaur zombie (D:10)
  8 orc priests
  4 jellies
  2 bullfrog skeletons
  A gnoll shaman (D:9)
  Crazy Yiuf (D:4)
  9 orc wizards
  3 iguanas
  10 worker ants
  A hound skeleton (D:6)
  Robin (D:2)
  13 gnolls
  A worker ant zombie (D:6)
  8 adders
  6 shadow imps
  3 oozes
  An adder zombie (D:10)
  7 worms
  A dart slug (D:1)
  9 leopard geckos
  49 orcs
  15 bats
  8 giant cockroaches
  14 goblins
  12 hobgoblins
  18 jackals
  21 kobolds
  4 quokkas
  4 ball pythons
  10 frilled lizards
  A quokka skeleton (D:5)
  9 rats
  A fungus (D:4)
349 creatures vanquished.

Vanquished Creatures (others)
  13 fungi (D:8)
  4 plants
17 creatures vanquished.

Grand Total: 366 creatures vanquished

Notes
Turn   | Place    | Note
-------+----------+-------------------------------------------
     0 | D:1      | Flubbersnuff the Minotaur Berserker began the quest for the
                  | Orb.
     0 | D:1      | Reached XP level 1. HP: 19/19 MP: 0/0
   251 | D:1      | Reached XP level 2. HP: 25/27 MP: 1/1
   254 | D:1      | Reached skill level 4 in Axes
   660 | D:1      | Reached XP level 3. HP: 33/33 MP: 2/2
   671 | D:1      | Reached ** piety under Trog
  1060 | D:2      | Noticed Robin
  1069 | D:2      | Killed Robin
  1093 | D:2      | Reached XP level 4. HP: 14/40 MP: 3/3
  1547 | D:2      | Reached skill level 5 in Axes
  1609 | D:2      | Reached XP level 5. HP: 47/47 MP: 4/4
  2184 | D:3      | Reached *** piety under Trog
  2198 | D:3      | Reached XP level 6. HP: 30/55 MP: 5/5
  2440 | D:3      | Reached skill level 5 in Fighting
  2440 | D:3      | Reached skill level 6 in Axes
  2698 | D:3      | Found a glowing drain.
  2709 | Sewer    | Entered a sewer
  4005 | D:4      | Found a staircase to the Ecumenical Temple.
  4030 | D:4      | Reached XP level 7. HP: 61/61 MP: 6/6
  4034 | Temple   | Entered the Ecumenical Temple
  4365 | D:4      | Reached skill level 7 in Axes
  4385 | D:4      | Reached skill level 5 in Armour
  4639 | D:4      | Reached **** piety under Trog
  4713 | D:4      | Noticed Grinder
  4717 | D:4      | Paralysed by Grinder for 6 turns
  4733 | D:4      | Killed Grinder
  4864 | D:4      | Found a runed translucent door.
  5110 | D:4      | Noticed Crazy Yiuf
  5115 | D:4      | Killed Crazy Yiuf
  5185 | D:5      | Entered Level 5 of the Dungeon
  5433 | D:5      | Found a runed translucent door.
  5433 | D:5      | Noticed MoonlitKnight's ghost (novice GnSk)
  5450 | D:5      | Killed MoonlitKnight's ghost
  5450 | D:5      | Reached skill level 8 in Axes
  5450 | D:5      | Reached skill level 5 in Dodging
  5450 | D:5      | Reached XP level 8. HP: 52/71 MP: 7/7
  5803 | D:5      | Found an ornate altar of the Wu Jian Council.
  5955 | D:5      | Found a burning altar of Makhleb.
  6239 | D:6      | Reached skill level 9 in Axes
  7107 | D:6      | Found Zunkome's Distillery.
  7179 | D:7      | Reached XP level 9. HP: 79/79 MP: 8/8
  7552 | D:7      | Found an opulent altar of Gozag.
  7610 | D:7      | Reached skill level 10 in Axes
  7683 | D:7      | Reached ***** piety under Trog
  7683 | D:7      | Received a gift from Trog
  7867 | D:7      | Found Siem's Weapon Shoppe.
  8534 | D:8      | Reached skill level 11 in Axes
  8671 | D:8      | Found a staircase to the Lair.
  8866 | D:8      | Reached XP level 10. HP: 90/90 MP: 3/9
  9211 | D:9      | Noticed a six-headed hydra
  9216 | D:9      | Received a gift from Trog
  9221 | D:9      | Killed a nine-headed hydra
  9221 | D:9      | Reached skill level 12 in Axes
  9802 | D:9      | Found an ancient bone altar of Kikubaaqudgha.
 10381 | D:10     | Entered Level 10 of the Dungeon
 10381 | D:10     | Noticed Erolcha
 10381 | D:10     | Noticed a cyclops
 10624 | D:10     | Killed Erolcha
 10654 | D:10     | Reached XP level 11. HP: 95/99 MP: 3/10
 10739 | D:10     | Reached skill level 13 in Axes
 10746 | D:10     | Reached skill level 10 in Fighting
 10795 | D:10     | Found a runed translucent door.
 10818 | D:10     | Received a gift from Trog
 10823 | D:10     | Found Dime's Gadget Shoppe.
 10836 | D:10     | Found Taohillelo's Jewellery Shop.
 11037 | D:10     | Killed an unseen horror
 11246 | D:10     | Found Mist's Jewellery Emporium.
 11506 | D:10     | Found a runed translucent door.
 11638 | D:10     | Found Juogu's Magic Scroll Shoppe.
 11642 | D:10     | Bought a scroll of blinking for 97 gold pieces
 11730 | D:10     | Reached skill level 10 in Armour
 11745 | D:10     | Noticed a green ugly thing
 11754 | D:10     | Killed a green ugly thing
 12117 | Lair:1   | Entered Level 1 of the Lair of Beasts
 12153 | Lair:1   | Reached skill level 14 in Axes
 12394 | Lair:1   | HP: 2/101 [crocodile (4)]
 12399 | Lair:1   | Noticed a five-headed hydra
 12411 | Lair:1   | HP: 5/101 [water moccasin (5)]
 12414 | Lair:1   | Slain by a water moccasin

Levels and vault maps discovered:
D:1:      dpeg_arrival_rooms_with_view, layout_loops_cross
D:2:      layout_basic, uniq_robin
D:3:      layout_loops_ring, gup_sewer_entry_bubbles
D:4:      layout_rooms, minmay_temple_entry_mist, uniq_crazy_yiuf_cottage,
          uniq_grinder
D:5:      layout_loops_ring, marbit_many_paths, overflow_temple_1_default,
          gammafunk_ghost_grave, first_ration
D:6:      layout_cave_pools, serial_shops, kennysheep_little_box,
          minmay_lizard_king
D:7:      layout_basic, old_standard_altar, serial_shops, kennysheep_mini
D:8:      layout_rooms, due_lair_maze_entry_diamond
D:9:      layout_small_grid, old_standard_altar, the_bakery,
          chequers_serial_rivers_micro_b
D:10:     cheibrodos_histonic, layout_cross, serial_shops, shop, shop,
          nicolae_shop_statue_plus, shop, uniq_erolcha
Temple:   dpeg_five_rooms_temple
Lair:1:   dpeg_oklob_gauntlet, layout_regular_city, cheibrodos_lair_lostbears

Skill      XL: |  1  2  3  4  5  6  7  8  9 10 11 |
---------------+----------------------------------+-----
Axes           | 4 5 6 8 9 11 12 14 | 14.1
Fighting       | 4 5 6 7 8 9 10 | 10.7
Armour         | 3 4 5 6 8 9 10 | 10.3
Dodging        | 3 4 5 6 7 8 9 |  9.5

Action                   |  1- 3 |  4- 6 |  7- 9 | 10-12 || total
-------------------------+-------+-------+-------+-------++-------
Melee: Hand axe          |    78 |   206 |    58 |       ||   342
       Headbutt          |     8 |    38 |    68 |    48 ||   162
       War axe           |       |       |    99 |       ||    99
       Broad axe         |       |       |    76 |       ||    76
       Battleaxe         |       |       |    75 |   174 ||   249
       Executioner's axe |       |       |       |   107 ||   107
Invok: Berserk           |     2 |     2 |     4 |     7 ||    15
       Trog's Hand       |       |       |       |     1 ||     1
  Use: Scroll            |       |     8 |     5 |     3 ||    16
       Potion            |       |       |       |     1 ||     1
 Stab: Sleeping          |     1 |       |       |       ||     1
  Eat: Chunk             |     1 |    14 |    19 |    18 ||    52
Armor: Animal skin       |    13 |     1 |       |       ||    14
       Scale mail        |       |    77 |       |       ||    77
       Chain mail        |       |     1 |   160 |   194 ||   355
Dodge: Dodged            |    53 |   127 |   162 |   213 ||   555

Table legend:
 A = Non-vault XP
 B = Vault XP
 C = Vault XP percentage of total XP
 D = Non-vault monster count
 E = Vault monster count
 F = Vault count percentage of total count
                 A         B        C        D         E       F
            +---------+---------+-------+---------+---------+-------
      Total |   12306 |    5996 |  32.8 |     262 |      86 |  24.7
            +---------+---------+-------+---------+---------+-------
        D:1 |      56 |       3 |   5.1 |      23 |       2 |   8.0
        D:2 |     192 |      37 |  16.2 |      21 |      12 |  36.4
        D:3 |     291 |      26 |   8.2 |      35 |       5 |  12.5
        D:4 |     420 |     326 |  43.7 |      14 |       2 |  12.5
        D:5 |     152 |     471 |  75.6 |      11 |       2 |  15.4
        D:6 |     638 |      56 |   8.1 |      21 |      10 |  32.3
        D:7 |    1213 |       0 |   0.0 |      26 |       0 |   0.0
        D:8 |    1123 |    1049 |  48.3 |      18 |      10 |  35.7
        D:9 |    2437 |     224 |   8.4 |      49 |       1 |   2.0
       D:10 |    4803 |    3175 |  39.8 |      40 |      18 |  31.0
     Lair:1 |     981 |     573 |  36.9 |       4 |       2 |  33.3
      Sewer |       0 |      56 | 100.0 |       0 |      22 | 100.0
            +---------+---------+-------+---------+---------+-------
